Map: Abyssal Reef LE

Players

Fatz - Winner!

  • Race: Zerg Zerg
  • League: Diamond
  • Spawn Location: 5:00

Musumeci

  • Race: Zerg Zerg
  • League: Diamond
  • Spawn Location: 11:00

VOD

Have the link to the VOD?

Description

Time

  • Played on: March 24, 2017, 8:35 a.m.
  • Length: 11:41
Show
View Real Time Build Order
Export as new Build Order

Fatz Zerg - Winner!

Build Orders: Pool First 

Get SALT Encoding   

  12  0:00  Drone  
  13  0:12  Overlord  
  13  0:17  Drone  
  14  0:31  Drone x2  
  14  0:35  Drone  
  17  0:46  Spawning Pool  
  17  0:48  Drone  
  17  1:10  Hatchery  
  16  1:12  Drone  
  16  1:16  Drone, Extractor  
  17  1:21  Drone  
  18  1:29  Drone  
  19  1:34  Queen  
  21  1:40  Overlord  
  21  1:49  Zergling x2  
  22  2:00  Drone  
  23  2:10  Queen  
  23  2:11  Drone  
  26  2:21  Queen  
  26  2:22  Drone  
  29  2:23  Metabolic Boost  
  29  2:25  Drone  
  30  2:32  Drone  
  30  2:36  Drone  
  32  2:42  Overlord x2  
  31  2:52  Drone x2  
  31  2:54  Drone x2  
  35  3:01  Drone  
  36  3:06  Drone  
  37  3:17  Drone x2  
  39  3:21  Drone  
  39  3:24  Drone x2  
  39  3:25  Hatchery  
  41  3:27  Drone  
  41  3:28  Drone  
  41  3:31  Drone  
  44  3:35  Overlord  
  44  3:46  Drone, Extractor, Roach Warren  
  44  3:47  Drone, Extractor  
  44  3:48  Drone  
  44  3:53  Drone x2  
  46  3:56  Lair  
  46  3:58  Zergling x2  
  47  4:05  Drone  
  47  4:06  Drone, Evolution Chamber  
  47  4:08  Evolution Chamber  
  47  4:09  Drone  
  48  4:12  Drone  
  48  4:16  Zergling x4  
  51  4:19  Zergling x2  
  51  4:23  Spore Crawler  
  51  4:24  Drone, Overlord  
  51  4:42  Zergling x6  
  51  4:44  Roach  
  51  4:45  Roach x4  
  64  4:47  Queen  
  66  4:54  Glial Reconstitution  
  66  4:56  Zerg Missile Weapons Level 1  
  66  5:05  Overlord x2  
  66  5:27  Drone x2  
  68  5:32  Drone x7  
  71  5:38  Drone x3  
  71  5:39  Drone  
  71  5:41  Drone x2  
  75  5:44  Roach  
  75  5:48  Roach  
  75  5:49  Zerg Ground Armor Level 1  
  79  5:50  Overlord  
  79  5:51  Overlord  
  79  5:57  Infestation Pit  
  79  5:59  Drone x3  
  79  6:00  Drone  
  79  6:02  Overlord  
  82  6:05  Extractor  
  82  6:06  Extractor  
  80  6:17  Hydralisk Den  
  79  6:20  Drone x3  
  79  6:22  Drone x4  
  79  6:23  Overlord  
  79  6:24  Roach x2  
  90  6:26  Overseer  
  90  6:32  Hatchery, Drone  
  90  6:33  Drone  
  90  6:35  Hive  
  90  6:37  Roach x2  
  90  6:38  Roach x2  
  90  6:39  Roach, Ravager  
  103  6:40  Ravager x2  
  103  6:41  Ravager  
  105  6:49  Extractor  
  104  7:07  Muscular Augments, Hydralisk x3  
  104  7:08  Hydralisk x2  
  112  7:12  Overlord x3  
  114  7:32  Drone x5  
  114  7:33  Overlord  
  114  7:34  Hydralisk x3  
  125  7:57  Roach x3  
  125  7:58  Zerg Missile Weapons Level 2, Hydralisk x3  
  133  8:00  Zerg Ground Armor Level 2  
  133  8:04  Roach  
  133  8:05  Zergling x6  
  142  8:06  Zergling x2  
  142  8:07  Zergling x6  
  142  8:08  Zergling x4  
  148  8:13  Drone, Extractor  
  148  8:14  Extractor  
  148  8:17  Drone  
  148  8:19  Drone  
  149  8:26  Lurker Den  
  149  8:28  Drone x2  
  149  8:30  Drone  
  149  8:33  Spore Crawler  
  151  8:44  Overlord x3  
  151  8:45  Overlord x2  
  151  8:47  Spore Crawler  
  147  8:57  Roach x2  
  148  9:04  Roach x2  
  148  9:05  Roach x3  
  148  9:06  Roach x5  
  148  9:07  Roach x2  
  148  9:08  Roach x3  
  148  9:09  Roach  
  162  9:10  Roach x2  
  162  9:11  Roach  
  151  9:19  Roach  
  151  9:21  Roach x4  
  150  9:36  Roach x2  
  150  9:37  Roach x3  
  158  9:44  Roach x2  
  158  9:45  Roach x3  
  155  9:50  Queen  
  155  9:54  Roach x4  
  155  9:59  Roach  
  167  10:00  Roach x3  
  167  10:03  Ravager x2  
  169  10:28  Ultralisk Cavern  
  168  10:36  Zergling x2  
  168  10:37  Zergling x8  
  168  10:38  Overlord x2  
  168  10:39  Zergling x6  
  168  10:40  Zergling x4  
  168  10:41  Zergling x10  
  183  10:43  Overlord  
Show
View Real Time Build Order
Export as new Build Order

Musumeci Zerg 

Build Orders: Hatch First 

Get SALT Encoding   

  12  0:01  Drone  
  13  0:13  Overlord  
  13  0:17  Drone  
  14  0:23  Extractor  
  14  0:24  Drone  
  15  0:49  Hatchery  
  14  0:54  Drone x2  
  16  0:59  Drone  
  17  1:15  Spawning Pool  
  17  1:16  Extractor  
  15  1:20  Drone  
  15  1:24  Drone  
  17  1:27  Drone  
  18  1:37  Drone  
  19  1:47  Overlord  
  19  2:01  Queen  
  19  2:02  Queen  
  19  2:04  Zergling x2  
  19  2:07  Drone  
  25  2:15  Drone  
  26  2:17  Metabolic Boost  
  26  2:21  Drone  
  27  2:28  Zergling x2  
  29  2:38  Queen  
  29  2:58  Drone x2  
  29  2:59  Drone  
  29  3:01  Drone x3  
  29  3:02  Baneling Nest  
  33  3:12  Drone x3  
  36  3:28  Overlord  
  36  3:29  Overlord  
  36  3:42  Hatchery  
  36  3:44  Zergling x2  
  36  3:48  Zergling x4  
  38  3:49  Zergling x2  
  38  3:52  Drone x3  
  42  3:56  Drone x3  
  46  4:02  Drone  
  46  4:03  Drone  
  47  4:11  Drone  
  47  4:14  Queen  
  50  4:18  Drone  
  50  4:19  Drone  
  50  4:47  Drone  
  50  4:51  Extractor, Roach Warren  
  49  4:52  Extractor  
  49  4:58  Baneling x2  
  48  5:00  Overlord x3  
  48  5:01  Overlord  
  48  5:19  Drone  
  48  5:20  Drone x3  
  53  5:21  Drone x4  
  53  5:22  Drone  
  54  5:45  Roach x7  
  68  5:54  Drone x9, Evolution Chamber  
  68  5:55  Evolution Chamber  
  75  6:14  Roach x3  
  75  6:15  Overlord x2  
  81  6:22  Lair  
  81  6:23  Zerg Missile Weapons Level 1  
  81  6:31  Baneling x2  
  81  6:40  Roach x7  
  81  6:41  Roach, Extractor  
  95  7:00  Overlord x5  
  94  7:09  Overlord x2  
  94  7:17  Zerg Ground Armor Level 1  
  94  7:19  Glial Reconstitution  
  94  7:21  Roach x7  
  94  7:22  Roach x8  
  124  7:31  Roach  
  126  7:58  Roach x3  
  126  7:59  Roach x8  
  146  8:15  Hatchery, Extractor  
  146  8:16  Drone x3, Extractor  
  146  8:21  Extractor  
  145  8:32  Overlord x3  
  145  8:33  Overlord x4  
  145  8:42  Drone  
  146  8:51  Roach x6  
  146  8:52  Roach x7  
  134  9:10  Roach x6  
  136  9:22  Roach x5  
  141  9:24  Ravager x7  
  141  9:25  Ravager  
  125  9:37  Roach x2  
  125  9:38  Roach x3  
  109  9:49  Roach x5  
  97  10:04  Ravager x8  
  97  10:05  Ravager  
  106  10:07  Ravager  
  105  10:22  Roach x2  
  105  10:23  Roach x7  
  123  10:36  Drone x5  
  123  10:37  Drone  
  123  10:38  Drone  
  130  10:53  Roach x2  
  130  10:54  Roach x5  
  144  10:58  Roach  
Tags
 
Add a new tag
Caveats
  • Supply blocks, unpowered buildings, or Contaminate may cause inaccurate times.
  • Supply counts are checked every 10 seconds.